Map: [ESL] Data-C

Players

Elazer - Winner!

  • Race: Zerg Zerg
  • Spawn Location: 9:00

Kelazhur

  • Race: Terran Terran
  • Spawn Location: 3:00

Event: DreamHack SC2 Masters 2022 Valencia

VOD

Have the link to the VOD?

Description

Time

  • Played on: July 2, 2022, 4:09 a.m.
  • Length: 19:16

All games in this series

Show
View Real Time Build Order
Export as new Build Order

Elazer Zerg - Winner!

Build Orders: Hatch First, Lurkers 

Get SALT Encoding   

  12  0:01  Drone  
  13  0:13  Overlord  
  13  0:17  Drone  
  14  0:31  Drone x2  
  16  0:49  Hatchery  
  15  0:51  Drone  
  15  0:55  Drone  
  17  0:59  Drone  
  18  1:10  Extractor  
  17  1:14  Spawning Pool  
  17  1:17  Drone  
  17  1:20  Drone  
  18  1:29  Drone  
  19  1:39  Drone  
  20  1:50  Drone  
  21  2:02  Queen x2  
  21  2:03  Zergling x4  
  27  2:14  Drone  
  27  2:15  Overlord, Metabolic Boost  
  28  2:34  Hatchery  
  27  2:40  Drone x4  
  27  2:44  Drone  
  32  2:45  Drone  
  33  2:52  Queen  
  33  2:56  Overlord  
  35  3:00  Drone  
  36  3:07  Overlord  
  36  3:15  Drone x4  
  36  3:17  Queen  
  42  3:26  Drone  
  43  3:27  Queen, Drone  
  46  3:36  Overlord  
  46  3:37  Zergling x2  
  46  3:41  Drone  
  48  3:44  Drone x3  
  51  3:48  Queen  
  51  3:49  Drone x3  
  56  3:59  Overlord  
  56  4:00  Zergling x4  
  58  4:04  Drone x3  
  58  4:06  Queen  
  63  4:18  Drone x3  
  63  4:23  Drone x5  
  70  4:30  Overlord  
  70  4:32  Overlord  
  70  4:33  Queen  
  70  4:36  Drone  
  70  4:37  Lair  
  73  4:40  Overlord, Extractor  
  73  4:41  Extractor  
  73  4:43  Baneling Nest  
  70  4:47  Spore Crawler  
  70  4:48  Queen  
  70  4:50  Drone x2  
  73  4:56  Zergling x4  
  73  4:57  Zergling x8  
  73  5:14  Overlord  
  68  5:16  Drone x10  
  68  5:20  Drone x2  
  79  5:32  Spore Crawler, Drone x3  
  80  5:35  Queen  
  80  5:37  Drone  
  80  5:41  Extractor  
  80  5:42  Centrifugal Hooks  
  82  5:43  Drone x2  
  84  5:51  Overlord  
  84  5:52  Drone x6  
  84  5:55  Hatchery  
  84  5:56  Drone x2  
  84  5:57  Evolution Chamber x2  
  90  5:59  Drone  
  90  6:10  Overlord  
  90  6:13  Zergling x10  
  90  6:16  Hatchery  
  94  6:20  Zergling x16  
  102  6:32  Zergling x6  
  105  6:34  Overlord, Zerg Melee Weapons Level 1, Zerg Ground Armor Level 1  
  105  6:40  Zergling x6  
  105  6:44  Baneling x7  
  105  6:45  Baneling x3, Zergling x2  
  105  6:46  Zergling x2  
  111  6:47  Zergling x8  
  111  6:53  Drone  
  114  6:55  Spore Crawler  
  114  6:57  Overlord  
  114  6:58  Zergling x2  
  114  6:59  Zergling x4  
  116  7:04  Zergling x4  
  116  7:09  Baneling x11  
  116  7:10  Zergling x10  
  121  7:16  Zergling x8  
  123  7:24  Pneumatized Carapace  
  123  7:25  Overseer  
  123  7:26  Drone x2  
  123  7:27  Drone x2  
  125  7:33  Overlord  
  117  7:37  Overlord  
  117  7:39  Drone x10  
  127  7:45  Overlord  
  127  7:47  Zergling x10  
  127  7:48  Baneling x11  
  127  7:49  Extractor  
  131  7:52  Zergling x4  
  133  7:59  Zergling x10  
  133  8:02  Baneling x5  
  133  8:04  Zergling x10  
  143  8:08  Overlord  
  143  8:12  Overlord  
  143  8:14  Zergling x14  
  142  8:20  Zergling x4  
  140  8:28  Zergling x10  
  140  8:29  Overseer  
  140  8:30  Zerg Ground Armor Level 2  
  140  8:31  Zerg Missile Weapons Level 1  
  140  8:32  Overlord  
  144  8:40  Drone x10  
  149  8:48  Zergling x10  
  149  8:53  Overlord  
  149  8:54  Drone x3  
  147  9:00  Baneling x8, Hatchery  
  147  9:01  Overlord  
  146  9:03  Extractor, Drone x3  
  146  9:04  Extractor  
  146  9:05  Spore Crawler, Drone x2  
  146  9:06  Drone  
  148  9:13  Infestation Pit  
  148  9:14  Hydralisk Den  
  148  9:15  Overseer  
  148  9:16  Baneling  
  148  9:17  Baneling x2  
  146  9:18  Zergling x14  
  153  9:31  Zergling x30  
  153  9:34  Zergling x8  
  153  9:36  Burrow  
  151  9:42  Spore Crawler  
  150  9:49  Overlord  
  148  9:53  Drone x13  
  161  10:00  Overlord  
  161  10:01  Overlord  
  161  10:02  Hive, Grooved Spines  
  161  10:03  Spore Crawler  
  160  10:12  Hydralisk x8  
  176  10:15  Baneling x8  
  176  10:16  Baneling  
  176  10:28  Zergling x6  
  176  10:29  Zergling x26  
  165  10:44  Baneling x16  
  165  10:47  Zergling x2  
  165  10:48  Zergling x20  
  166  11:01  Zergling x18  
  166  11:14  Zergling x16  
  166  11:15  Zergling x2  
  166  11:18  Drone, Muscular Augments  
  174  11:19  Zerg Melee Weapons Level 2, Zerg Missile Weapons Level 2, Lurker Den  
  173  11:27  Hydralisk  
  173  11:28  Hydralisk x10  
  173  11:30  Baneling x5  
  173  11:31  Baneling x2  
  182  11:48  Extractor  
  182  11:49  Drone x3, Extractor  
  182  11:50  Drone x4  
  182  11:51  Spore Crawler, Drone x3  
  189  11:55  Baneling x12, Zergling x12  
  189  11:56  Zergling x2  
  195  12:19  Seismic Spines  
  195  12:25  Baneling x12  
  195  12:27  Lurker  
  195  12:28  Spine Crawler, Lurker  
  195  12:29  Spine Crawler x2  
  194  12:33  Overseer x2  
  179  12:59  Lurker x6  
  179  13:02  Extractor  
  185  13:05  Drone x2  
  185  13:06  Drone x2  
  185  13:10  Spore Crawler x2  
  185  13:12  Spore Crawler  
  185  13:13  Lurker x4  
  185  13:16  Adaptive Talons  
  188  13:30  Spine Crawler  
  188  13:32  Zergling x26  
  192  13:43  Zergling x14  
  198  13:50  Zerg Missile Weapons Level 3  
  198  13:51  Zerg Ground Armor Level 3  
  190  13:59  Zergling x28  
  190  14:01  Adrenal Glands  
  199  14:08  Baneling x15  
  199  14:09  Baneling x2  
  184  14:15  Zergling x2  
  184  14:19  Viper x2  
  190  14:25  Lurker x4  
  194  14:34  Overseer x3  
  194  14:38  Zergling x4  
  196  14:40  Baneling  
  196  14:41  Baneling x10  
  166  15:03  Hydralisk  
  166  15:04  Hydralisk x6  
  166  15:06  Zergling x44  
  186  15:20  Hydralisk x2  
  186  15:21  Hydralisk  
  188  15:24  Zergling x10  
  183  15:33  Overlord x4  
  171  15:54  Hydralisk  
  171  15:55  Hydralisk x7  
  169  16:05  Lurker x9  
  169  16:07  Baneling x20, Hydralisk  
  169  16:09  Zergling x10  
  169  16:10  Zergling x36  
  199  16:24  Hydralisk x2  
  197  16:48  Extractor  
  193  16:57  Zergling x32  
  196  17:14  Spore Crawler x2  
  190  17:16  Spore Crawler  
  190  17:20  Zergling x22  
  190  17:22  Baneling x26  
  185  17:42  Hydralisk x5  
  164  17:51  Zergling x4  
  164  17:52  Zergling x22  
  164  17:54  Lurker x4  
  164  17:55  Lurker x3  
  180  18:09  Hatchery  
  178  18:12  Lurker x4  
  178  18:13  Hydralisk x10, Lurker  
  198  18:23  Spine Crawler x2  
  198  18:24  Spine Crawler x2  
  194  18:28  Zergling x10  
  199  18:36  Unknown  
  199  18:37  Baneling x24  
Show
View Real Time Build Order
Export as new Build Order

Kelazhur Terran 

Build Orders: Reaper Expand 

Get SALT Encoding   

  12  0:00  SCV  
  13  0:12  SCV  
  14  0:17  Supply Depot  
  14  0:24  SCV  
  15  0:38  SCV  
  15  0:40  Barracks  
  16  0:43  Refinery  
  16  0:50  SCV  
  17  1:02  SCV  
  18  1:14  SCV  
  19  1:27  Orbital Command, Reaper  
  20  1:39  Command Center  
  20  1:46  Supply Depot  
  20  1:52  SCV  
  21  1:58  Marine  
  22  2:03  Factory  
  22  2:07  SCV  
  23  2:19  SCV  
  23  2:20  Barracks Reactor  
  24  2:31  SCV  
  25  2:43  SCV  
  26  2:48  Command Center  
  26  2:52  Orbital Command  
  26  2:55  SCV  
  27  2:59  Starport  
  27  3:07  SCV  
  27  3:10  Hellion x2  
  32  3:15  Barracks Tech Lab  
  32  3:19  Refinery, SCV  
  33  3:20  SCV  
  34  3:31  Hellion, SCV  
  34  3:32  Hellion  
  34  3:33  SCV  
  40  3:39  Viking  
  42  3:43  SCV  
  43  3:48  SCV  
  43  3:55  SCV  
  45  4:00  Hellion x2  
  50  4:03  Orbital Command, SCV  
  50  4:07  SCV  
  51  4:10  Liberator  
  51  4:15  SCV  
  55  4:19  SCV  
  55  4:21  Hellion x2  
  60  4:28  Barracks, SCV  
  60  4:30  Barracks, Supply Depot  
  61  4:37  Supply Depot  
  61  4:45  Stimpack  
  61  4:52  Hellion x2, SCV x3, Marine  
  69  4:57  Supply Depot  
  69  5:04  SCV x3  
  66  5:16  SCV x3  
  66  5:20  Starport Reactor  
  58  5:26  Refinery, Barracks Reactor  
  58  5:27  Refinery, Engineering Bay  
  58  5:28  Engineering Bay, SCV x2  
  58  5:30  Factory Reactor  
  58  5:31  Barracks x2  
  58  5:33  Orbital Command, Marine x2  
  58  5:34  Marine  
  64  5:36  Supply Depot  
  64  5:37  Supply Depot  
  64  5:40  SCV  
  64  5:46  SCV  
  65  5:51  Marine x3  
  65  5:52  SCV  
  65  5:57  Terran Infantry Armor Level 1, Terran Infantry Weapons Level 1  
  69  5:58  SCV  
  69  6:00  SCV  
  69  6:02  Medivac x2  
  69  6:03  Marine x2  
  77  6:05  SCV  
  77  6:07  Widow Mine x2  
  77  6:10  SCV, Marine x2  
  85  6:12  SCV  
  85  6:17  Marine, SCV, Supply Depot  
  88  6:19  Barracks Reactor  
  88  6:20  Barracks Reactor  
  88  6:21  Marine  
  88  6:22  SCV  
  88  6:24  SCV, Marine  
  88  6:25  Combat Shield  
  92  6:29  SCV  
  93  6:33  Marine x2  
  93  6:34  SCV, Marine  
  93  6:36  SCV  
  93  6:39  Widow Mine x2  
  102  6:43  Marine x2  
  102  6:44  Medivac  
  102  6:47  Refinery, SCV  
  107  6:48  Command Center  
  107  6:51  Marine x2  
  109  6:55  Armory  
  109  7:01  Supply Depot  
  109  7:03  Supply Depot  
  109  7:04  Supply Depot  
  109  7:05  SCV x2, Marine x2  
  109  7:06  Widow Mine x2  
  117  7:20  SCV, Marine  
  117  7:21  Marine  
  117  7:22  Marine  
  117  7:23  Marine x3  
  117  7:24  SCV  
  117  7:25  Marine  
  117  7:29  Marine  
  121  7:36  SCV  
  121  7:37  Marine  
  110  7:38  Marine  
  110  7:39  SCV, Marine x2  
  110  7:41  Marine x3  
  110  7:42  Widow Mine x2  
  110  7:43  Marine  
  123  7:46  Medivac x2  
  123  7:47  Marine  
  123  7:49  Factory  
  128  7:51  SCV x2, Supply Depot  
  128  7:54  Marine  
  128  7:55  Terran Infantry Weapons Level 2  
  128  7:56  Supply Depot, Marine  
  128  7:57  Marine  
  133  8:00  Terran Infantry Armor Level 2  
  133  8:04  SCV  
  134  8:11  SCV x2  
  136  8:15  Widow Mine x2  
  134  8:21  Marine x3  
  134  8:22  Medivac x2  
  138  8:27  Marine  
  138  8:28  Marine x3  
  138  8:29  Planetary Fortress  
  138  8:30  SCV x2  
  138  8:31  SCV  
  138  8:32  Marine  
  146  8:36  Widow Mine x2  
  146  8:38  Marine  
  146  8:39  Marine x2  
  146  8:40  Marine  
  146  8:42  Factory Tech Lab  
  146  8:45  SCV  
  147  8:50  Marine x3  
  147  8:52  Medivac  
  152  8:56  Supply Depot, Command Center  
  152  8:58  SCV x2, Supply Depot  
  152  8:59  Supply Depot  
  152  9:00  Drilling Claws, Widow Mine x2  
  152  9:01  Widow Mine  
  157  9:05  Sensor Tower  
  157  9:06  Marine, Marauder  
  157  9:08  Medivac  
  157  9:09  Marine x3  
  165  9:10  Marine  
  165  9:14  SCV x2  
  165  9:15  Marine  
  169  9:22  Widow Mine x2  
  150  9:31  Marine  
  150  9:32  Marine x6  
  150  9:33  Marine x2  
  155  9:40  Widow Mine  
  155  9:43  SCV  
  155  9:44  Barracks, SCV x2  
  155  9:45  Barracks  
  160  9:47  Barracks  
  160  9:49  Marine x2  
  160  9:50  Marine x5  
  160  9:51  Marauder  
  164  9:54  Marine  
  164  9:58  Widow Mine  
  164  9:59  Widow Mine  
  169  10:04  Ghost Academy  
  169  10:05  Refinery  
  169  10:06  Refinery  
  169  10:07  Marine  
  169  10:09  Sensor Tower, Command Center  
  169  10:13  Command Center  
  170  10:16  Marine  
  170  10:17  Medivac x2, Marauder  
  177  10:22  Marine  
  178  10:29  Widow Mine x2  
  178  10:30  SCV  
  183  10:38  Marauder  
  183  10:40  Barracks Tech Lab x2  
  183  10:41  Barracks Tech Lab, Marine  
  183  10:42  Marine  
  172  10:48  Terran Infantry Weapons Level 3, Siege Tank, Terran Infantry Armor Level 3  
  173  10:54  Planetary Fortress  
  165  10:59  Marauder  
  165  11:00  Marine x3, Marauder  
  165  11:01  Marine x4, Marauder x2  
  157  11:18  Marine  
  157  11:20  Widow Mine  
  157  11:21  Widow Mine  
  157  11:22  Siege Tank  
  157  11:25  Fusion Core, Starport  
  165  11:29  Marine, Marauder x2, Sensor Tower  
  165  11:30  SCV x3  
  166  11:43  Widow Mine  
  166  11:44  Widow Mine  
  168  11:48  Marine, Marauder  
  168  11:50  Ghost x2  
  168  11:51  Marine x5  
  180  11:56  Orbital Command x2  
  180  12:03  Concussive Shells  
  180  12:13  Ghost  
  180  12:14  Ghost, Enhanced Shockwaves  
  180  12:15  Marine x8  
  185  12:18  Refinery  
  185  12:19  Refinery  
  192  12:23  Command Center  
  192  12:24  Ghost, Command Center  
  192  12:28  Refinery  
  194  12:30  Siege Tank  
  194  12:32  Supply Depot  
  194  12:33  Supply Depot  
  193  12:47  Ghost x2  
  187  12:54  Ghost  
  187  12:55  Ghost  
  187  12:57  Widow Mine  
  190  13:02  Starport Reactor  
  190  13:10  Command Center  
  190  13:15  Ghost x2  
  194  13:23  Ghost x2  
  194  13:24  Marine x2  
  200  13:31  Terran Ship Weapons Level 1  
  200  13:33  Bunker  
  200  13:34  Missile Turret  
  200  13:35  Missile Turret x2  
  183  13:46  Ghost x2  
  173  13:56  Ghost x2  
  173  13:58  Marine  
  173  13:59  Marine x5  
  163  14:14  Ghost x2  
  163  14:22  Factory Tech Lab  
  163  14:24  Liberator x2  
  163  14:25  Ghost x2  
  163  14:26  Marine x4  
  163  14:27  SCV x3  
  163  14:28  Marine  
  179  14:43  Ghost  
  179  14:44  Marauder, Widow Mine x2  
  190  14:54  Marauder  
  172  15:06  Marine x2, Marauder x2, Liberator x2  
  172  15:07  Liberator x2  
  175  15:14  Orbital Command  
  171  15:25  Ghost x2  
  171  15:27  Ghost  
  177  15:34  Refinery  
  177  15:36  Hi-Sec Auto Tracking  
  177  15:38  Missile Turret  
  177  15:40  Missile Turret  
  177  15:46  Refinery  
  177  15:47  Marine x3  
  177  15:48  Marauder  
  177  15:49  SCV, Liberator x2  
  177  15:50  SCV x2  
  177  15:55  Marine, Marauder x2  
  177  15:56  Marauder  
  178  15:58  Marine  
  178  16:00  Marine  
  180  16:09  Marine x5, Marauder  
  180  16:10  Widow Mine x2  
  180  16:11  Liberator x2  
  196  16:15  SCV x5  
  196  16:16  Planetary Fortress  
  196  16:17  Marauder  
  197  16:21  Orbital Command  
  190  16:32  Orbital Command x2, Widow Mine  
  183  16:40  Liberator  
  183  16:44  SCV x2  
  183  16:46  SCV  
  181  16:56  Orbital Command, Liberator  
  181  16:57  Advanced Ballistics  
  181  16:59  SCV  
  183  17:10  Widow Mine x2  
  183  17:11  SCV  
  183  17:12  SCV x2  
  183  17:15  Supply Depot  
  184  17:29  Sensor Tower  
  173  17:43  Orbital Command, Marauder x2  
  158  17:55  SCV x2  
  160  17:59  Liberator  
  163  18:12  Liberator, Widow Mine x2  
  170  18:14  Marine  
  171  18:22  Marauder  
  173  18:27  SCV x2  
  173  18:30  Sensor Tower  
  173  18:44  Supply Depot  
  173  18:45  Supply Depot, Marauder  

Tags
 
Add a new tag
Caveats
  • Supply blocks, unpowered buildings, or Contaminate may cause inaccurate times.
  • Supply counts are checked every 10 seconds.